 Dungeon Crawl Stone Soup version 0.23.0 (webtiles) character file.

Game seed: 16357785915211706253

19915 vishdafish the Carver (level 12, -10/97 HPs)
             Began as a Demonspawn Fighter on Feb 18, 2019.
             Was a High Priest of Wu Jian.
             Killed from afar by a raiju (19 damage)
             ... with a living lightning
             ... on level 1 of the Abyss.
             The game lasted 00:40:28 (12712 turns).

vishdafish the Carver (Demonspawn Fighter)         Turns: 12712, Time: 00:40:29

Health: -10/97     AC: 10    Str: 20    XL:     12   Next: 40%
Magic:  0/12       EV: 14    Int: 12    God:    Wu Jian [*****.]
Gold:   1109       SH: 10    Dex: 14    Spells: 8/11 levels left

rFire    . . .     SeeInvis .   E - +4 long sword
rCold    . . .     Gourm    .   c - +0 shield
rNeg     . . .     Faith    .   b - +0 scale mail
rPois    .         Spirit   +   G - +2 helmet
rElec    .         Reflect  .   (no cloak)
rCorr    +         Harm     .   (no gloves)
MR       .....                  (no boots)
Stlth    ..........             (no amulet)
HPRegen  0.26/turn              u - +2 ring of evasion
MPRegen  0.13/turn              Q - ring of resist corrosion

@: no status effects
A: hooves 2, thin skeletal structure 1, spiny 3, magic shield
a: Wall Jump, Serpent's Lash, Heavenly Storm, Renounce Religion


You were on level 1 of the Abyss.
You worshipped Wu Jian.
Wu Jian was extremely pleased with you.
You were very hungry.

You visited 1 branch of the dungeon, and saw 11 of its levels.
You visited the Abyss 1 time.
You also visited: Sewer and Ossuary.

You collected 1161 gold pieces.
You spent 52 gold pieces at shops.

Inventory:

Hand Weapons
 a - a +1 long sword
 i - a cursed +1 short sword of electrocution
 E - a +4 long sword (weapon)
Missiles
 L - 2 throwing nets (quivered)
Armour
 b - a +0 scale mail (worn)
 c - a +0 shield (worn)
 G - a +2 helmet (worn)
Jewellery
 u - a +2 ring of evasion (left hand)
 Q - a ring of resist corrosion (right hand)
 S - an uncursed ring of ice
 T - an uncursed ring of ice
Wands
 y - a wand of iceblast (7)
 D - a wand of enslavement (25)
 F - a wand of polymorph (10)
 H - a wand of random effects (11)
 M - a wand of acid (1)
 O - a wand of flame (9)
Scrolls
 e - 12 scrolls of remove curse
 g - 5 scrolls of enchant weapon
 h - 5 scrolls of fear
 j - 3 scrolls of amnesia
 m - 2 scrolls of blinking {unknown}
 o - a scroll of immolation {unknown}
 p - 5 scrolls of random uselessness
 q - 3 scrolls of holy word {unknown}
 r - 7 scrolls of teleportation
 v - 2 scrolls of enchant armour {unknown}
 w - 3 scrolls of fog
 I - a scroll of silence {unknown}
 K - a scroll of noise {unknown}
 R - a scroll of summoning {unknown}
Potions
 d - 4 potions of might
 k - 10 potions of curing
 l - a potion of invisibility
 n - 2 potions of lignification {unknown}
 s - 4 potions of brilliance
 t - 4 potions of degeneration
 x - 5 potions of haste
 z - a potion of cancellation
 A - 2 potions of heal wounds
 B - 6 potions of resistance
 C - 4 potions of flight
 J - 2 potions of berserk rage
 N - a potion of magic {unknown}
 P - a potion of ambrosia {unknown}
Miscellaneous
 U - a lamp of fire
Comestibles
 f - 26 rations


   Skills:
 + Level 10.2 Fighting
 * Level 12.8 Long Blades
 - Level 0.6 Throwing
 + Level 5.8 Armour
 - Level 7.8 Dodging
 - Level 0.3 Stealth
 + Level 5.7 Shields


You had 8 spell levels left.
You knew the following spells:

 Your Spells              Type           Power        Failure   Level  Hunger
a - Regeneration          Chrm/Necr      #.........   100%        3    ####...

Your spell library contained the following spells:

 Spells                   Type           Power        Failure   Level  Hunger
 Corona                   Hex            #......      96%         1    ##.....
 Flame Tongue             Conj/Fire      #....        96%         1    ##.....
 Magic Dart               Conj           #...         96%         1    ##.....
 Blink                    Tloc           N/A          99%         2    ###....
 Call Imp                 Summ           #.......     99%         2    ###....
 Corpse Rot               Necr           N/A          99%         2    ###....
 Slow                     Hex            #.......     99%         2    ###....
 Throw Flame              Conj/Fire      #.....       99%         2    ###....
 Conjure Flame            Conj/Fire      #.......     100%        3    ####...
 Ignite Poison            Fire/Tmut/Pois #.......     100%        3    ####...
 Inner Flame              Hex/Fire       #.......     100%        3    ####...
 Mephitic Cloud           Conj/Pois/Air  #.......     100%        3    ####...
 Portal Projectile        Hex/Tloc       #.....       100%        3    ####...
 Cause Fear               Hex            #.........   100%        4    #####..
 Leda's Liquefaction      Hex/Erth       #.........   100%        4    #####..
 Sticky Flame             Conj/Fire      #.......     100%        4    #####..
 Bolt of Magma            Conj/Fire/Erth #.........   100%        5    ######.
 Borgnjor's Vile Clutch   Necr/Erth      #.........   100%        5    ######.
 Fireball                 Conj/Fire      #.........   100%        5    ######.


Dungeon Overview and Level Annotations

Branches:
Dungeon (11/15)            Temple (0/1) D:5            Lair (0/6) D:8
    Orc (0/2) D:9

Altars:
Ashenzari
Makhleb
Qazlal
Vehumet
Wu Jian
Xom
Yredelemnul
Zin

Shops:
D:7 =*%


Innate Abilities, Weirdness & Mutations

You have hoof-like feet.
You have a somewhat thin skeletal structure. (Dex +2, Stealth)
You are completely covered in sharp spines.
When hurt, damage is shared between your health and your magic reserves.


Message History

You kick the raiju, but do no damage.
The raiju is severely wounded.
The raiju bites you.
* * * LOW HITPOINT WARNING * * *
The raiju shocks you!
* * * LOW HITPOINT WARNING * * *
The raiju bursts into living lightning!
The living lightning hits you!!
* * * LOW HITPOINT WARNING * * *
The raiju blinks! x2
You spin and attack the raiju.
You slash the raiju!
The raiju is severely wounded.
You spin and attack the raiju.
You hit the raiju. You kick the raiju, but do no damage.
The raiju is severely wounded.
A raiju comes into view.
You block the raiju's attack.
The raiju bursts into living lightning!
The living lightning hits you!!
You die...

..# . ..####
#.#.....# ##
...#..#.#.
#.....#.# #
......#.####
....##...#h@.#
#.ยง.....h..#
#.....###.#..##
..#.##
#)###.... . #.
..### . h. #..#
.#. ..# #...
..# # .. #.


You could see 3 raiju.

Vanquished Creatures
  Harold (D:10)
  Fannar (D:11)
  A yaktaur captain (D:11)
  A centaur warrior (D:11)
  3 two-headed ogres (D:11)
  A death yak (D:8)
  A large abomination (Abyss:1)
  2 ugly things
  An orc knight (D:11)
  A cyclops (D:9)
  Maurice (D:10)
  The ghost of Monsterracer the Slicer, a novice KoAr of Hepliaklqana (D:7)
  A polar bear (D:8)
  A merfolk (shapeshifter) (D:11)
  2 trolls
  Grinder (D:6)
  A hippogriff (D:11)
  A shadow (D:11)
  4 hogs (D:8)
  A wyvern (D:11)
  12 yaks (D:10)
  Grum (D:9)
  A human (D:8)
  4 hungry ghosts
  An acid dragon (D:11)
  A water moccasin (D:11)
  Purgy (Sewer)
  4 porcupines (D:8)
  6 ice beasts
  An orc warrior (D:9)
  2 sky beasts
  A phantom (D:4)
  A necrophage (D:10)
  8 ogres
  3 wolves
  11 centaurs
  A crocodile (D:8)
  4 big kobolds
  8 bullfrogs
  A wyvern zombie (D:11)
  A hornet simulacrum (D:8)
  6 scorpions
  5 killer bees (D:11)
  3 howler monkeys
  3 wights (D:7)
  An electric eel (D:8)
  4 crimson imps
  A quasit (D:7)
  2 centaur zombies
  2 orc priests
  9 hounds
  3 jellies
  4 centaur skeletons
  2 iguanas
  6 orc wizards
  8 worker ants
  A killer bee zombie (D:6)
  A big kobold zombie (Ossuary)
  A bullfrog simulacrum (D:8)
  9 mummies
  8 gnolls (D:6)
  14 adders
  2 shadow imps
  4 white imps (D:8)
  A howler monkey simulacrum (D:8)
  3 ufetubi (D:8)
  An adder zombie (D:8)
  An adder skeleton (D:4)
  A worm (D:4)
  A dart slug (D:3)
  7 leopard geckos
  18 orcs
  9 bats
  7 giant cockroaches
  6 goblins
  5 hobgoblins
  7 jackals
  A quokka (D:6)
  4 ball pythons
  9 frilled lizards
  A gnoll zombie (Ossuary)
  3 hobgoblin zombies (Ossuary)
  2 jackal skeletons
  8 kobolds
  2 kobold zombies (Ossuary)
  An orc zombie (Ossuary)
  5 rats
  A fungus (D:8)
303 creatures vanquished.

Vanquished Creatures (others)
  5 dream sheep (D:6)
  15 fungi (D:8)
  2 plants (D:8)
22 creatures vanquished.

Grand Total: 325 creatures vanquished

Notes
Turn   | Place    | Note
-------+----------+-------------------------------------------
     0 | D:1      | vishdafish the Demonspawn Fighter began the quest for the
                  | Orb.
     0 | D:1      | Reached XP level 1. HP: 18/18 MP: 1/1
   555 | D:1      | Gained mutation: You are partially covered in sharp spines.
                  | [demonic ancestry]
   555 | D:1      | Reached XP level 2. HP: 14/24 MP: 2/2
   619 | D:1      | Reached skill level 2 in Long Blades
   950 | D:2      | Found a faded altar of an unknown god.
   977 | D:2      | Reached XP level 3. HP: 25/29 MP: 3/3
   984 | D:2      | Became a worshipper of the Wu Jian Council
   984 | D:2      | Reached * piety under Wu Jian
  1509 | D:3      | Gained mutation: You are mostly covered in sharp spines.
                  | [demonic ancestry]
  1509 | D:3      | Reached XP level 4. HP: 31/35 MP: 4/4
  1615 | D:3      | Reached skill level 3 in Long Blades
  2024 | D:4      | Found a shattered altar of Ashenzari.
  2086 | D:4      | Reached ** piety under Wu Jian
  2141 | D:4      | Found a glowing drain.
  2153 | Sewer    | Entered a sewer
  2225 | Sewer    | Noticed Purgy
  2229 | Sewer    | Gained mutation: You have a somewhat thin skeletal
                  | structure. (Dex +2, Stealth) [demonic ancestry]
  2229 | Sewer    | Reached XP level 5. HP: 38/41 MP: 5/5
  2242 | Sewer    | Killed Purgy
  2242 | Sewer    | Reached skill level 1 in Dodging
  2382 | D:4      | Noticed an ogre
  2392 | D:4      | Killed an ogre
  2392 | D:4      | Reached skill level 4 in Long Blades
  2392 | D:4      | Reached XP level 6. HP: 30/48 MP: 6/6
  2405 | D:4      | You fall through a shaft for 2 floors!
  2433 | D:6      | Found a sand-covered staircase.
  2434 | D:6      | Noticed Grinder
  2438 | D:6      | Paralysed by Grinder for 6 turns
  2449 | D:6      | Killed Grinder
  2449 | D:6      | Gained mutation: When hurt, damage is shared between your
                  | health and your magic reserves. [demonic ancestry]
  2449 | D:6      | Reached XP level 7. HP: 16/53 MP: 7/7
  2659 | Ossuary  | Entered an ossuary
  2818 | Ossuary  | Reached skill level 5 in Long Blades
  3068 | D:5      | Entered Level 5 of the Dungeon
  3153 | D:5      | Reached *** piety under Wu Jian
  3177 | D:5      | Reached skill level 6 in Long Blades
  3177 | D:5      | Gained mutation: You are completely covered in sharp
                  | spines. [demonic ancestry]
  3177 | D:5      | Reached XP level 8. HP: 24/61 MP: 5/8
  3362 | D:5      | Reached skill level 5 in Fighting
  3398 | D:5      | Found a glowing silver altar of Zin.
  3675 | D:5      | Found a staircase to the Ecumenical Temple.
  3756 | D:4      | Reached skill level 7 in Long Blades
  4638 | D:6      | Reached XP level 9. HP: 54/69 MP: 6/9
  4747 | D:6      | Reached **** piety under Wu Jian
  4911 | D:6      | Reached skill level 8 in Long Blades
  5219 | D:6      | Found a shimmering altar of Xom.
  5222 | D:6      | Reached skill level 5 in Dodging
  5389 | D:7      | Found a runed translucent gate.
  5390 | D:7      | Found a runed translucent gate.
  5391 | D:7      | Found a runed translucent gate.
  5393 | D:7      | Identified the +2 short sword of Forgiveness {chaos, +Rage
                  | +Inv rPois Dex-5}
  5393 | D:7      | Noticed Monsterracer's ghost (novice KoAr)
  5490 | D:7      | Found Warisata's Food Emporium.
  5506 | D:7      | Found Howexkem's Assorted Antiques.
  5510 | D:7      | Bought a scroll labeled BOIFENK DIGA for 26 gold pieces
  5510 | D:7      | Bought a scroll labeled BOIFENK DIGA for 26 gold pieces
  5641 | D:7      | Found Hipsuthrosa's Jewellery Boutique.
  6350 | D:8      | Reached skill level 9 in Long Blades
  6401 | D:8      | Noticed a death yak
  6651 | D:8      | Identified the Handbook of Unholy Flames
  6651 | D:8      | Noticed a polar bear
  6922 | D:8      | Killed a polar bear
  7153 | D:8      | Gained mutation: You have large cloven feet. [demonic
                  | ancestry]
  7153 | D:8      | Reached XP level 10. HP: 74/79 MP: 8/10
  7315 | D:8      | Found a radiant altar of Vehumet.
  7335 | D:8      | Killed a death yak
  8003 | D:8      | Reached skill level 10 in Long Blades
  8010 | D:8      | Found a staircase to the Lair.
  8207 | D:9      | Found a stormy altar of Qazlal.
  8330 | D:9      | Noticed Grum
  8474 | D:9      | Killed Grum
  8725 | D:9      | Noticed a cyclops
  8735 | D:9      | Killed a cyclops
  8820 | D:9      | Found a staircase to the Orcish Mines.
  8835 | D:9      | Reached ***** piety under Wu Jian
  8952 | D:9      | Gained mutation: You have hoof-like feet. [demonic
                  | ancestry]
  8952 | D:9      | Reached XP level 11. HP: 83/87 MP: 9/11
  9179 | D:10     | Entered Level 10 of the Dungeon
  9206 | D:10     | Reached skill level 11 in Long Blades
  9375 | D:10     | Noticed Maurice
  9379 | D:10     | Noticed Harold
  9384 | D:10     | Killed Maurice
  9399 | D:10     | Killed Harold
 10392 | D:11     | Noticed a two-headed ogre
 10401 | D:11     | Killed a two-headed ogre
 10456 | D:11     | Noticed a brown ugly thing
 10489 | D:11     | Killed a brown ugly thing
 10653 | D:11     | Reached skill level 12 in Long Blades
 10729 | D:11     | Noticed a two-headed ogre
 10739 | D:11     | Killed a two-headed ogre
 10912 | D:11     | Found a large runed translucent door.
 10912 | D:11     | Found a large runed translucent door.
 10914 | D:11     | Noticed an orc knight
 10914 | D:11     | Noticed a green ugly thing
 10914 | D:11     | Noticed a centaur warrior
 10939 | D:10     | Killed a green ugly thing
 10968 | D:11     | Killed a centaur warrior
 10968 | D:11     | Reached skill level 5 in Armour
 10975 | D:11     | Killed an orc knight
 10975 | D:11     | Reached skill level 5 in Shields
 10975 | D:11     | Reached XP level 12. HP: 37/97 MP: 4/12
 11344 | D:11     | Noticed Fannar
 11346 | D:11     | Noticed a two-headed ogre
 11347 | D:11     | Noticed a two-headed ogre
 11937 | D:11     | Killed Fannar
 11937 | D:11     | Reached skill level 10 in Fighting
 12043 | D:11     | Killed a two-headed ogre
 12317 | D:11     | Found a basalt altar of Yredelemnul.
 12317 | D:11     | Noticed a yaktaur captain
 12329 | D:11     | Killed a yaktaur captain
 12411 | D:11     | Found a burning altar of Makhleb.
 12529 | D:7      | Killed Monsterracer's ghost
 12541 | D:7      | Cast into level 1 of the Abyss (big kobold)
 12576 | Abyss:1  | Found a radiant altar of Vehumet.
 12603 | Abyss:1  | Learned a level 3 spell: Regeneration
 12647 | Abyss:1  | Noticed a bone dragon
 12712 | Abyss:1  | Killed from afar by a raiju

Skill      XL: |  1  2  3  4  5  6  7  8  9 10 11 12 |
---------------+-------------------------------------+-----
Shields        | 3 4 5 |  5.7
Long Blades    | 2 3 4 6 7 9 10 12 | 12.8
Armour         | 3 4 5 |  5.8
Dodging        | 1 2 4 5 7 |  7.8
Fighting       | 4 5 7 8 9 10 | 10.2
Throwing       | |  0.6
Stealth        | |  0.3

Action                   |  1- 3 |  4- 6 |  7- 9 | 10-12 || total
-------------------------+-------+-------+-------+-------++-------
Melee: Long sword        |   101 |    75 |   430 |   502 ||  1108
       Kick              |       |       |       |   195 ||   195
Throw: Javelin           |       |     5 |    13 |     2 ||    20
       Throwing net      |       |       |     1 |     3 ||     4
Invok: Lunge             |     3 |     8 |    33 |    30 ||    74
       Whirlwind         |     1 |    10 |    33 |    65 ||   109
       Serpent's Lash    |       |       |     1 |     1 ||     2
 Abil: Wall Jump         |       |       |     6 |    17 ||    23
Evoke: Wand              |       |       |       |     8 ||     8
  Use: Potion            |       |     4 |     1 |     2 ||     7
       Scroll            |       |       |    11 |     7 ||    18
 Stab: Distracted        |       |       |     1 |       ||     1
       Held in net/web   |       |       |       |     2 ||     2
  Eat: Chunk             |     1 |     4 |    13 |    13 ||    31
       Ration            |       |       |     1 |     2 ||     3
Armor: Scale mail        |    39 |    30 |    95 |    84 ||   248
Dodge: Dodged            |    32 |    29 |   151 |   184 ||   396
Block: Shield            |    50 |    40 |   179 |   185 ||   454
       Rpst.: Long sword |     8 |    11 |    47 |    47 ||   113
